 Dungeon Crawl Stone Soup version 0.29.1-12-g30fa7ad0bf (webtiles) character file.

Game seed: 565128854521597

543 mortz the Trooper (level 7, -1/44 HPs)
             Began as a Gargoyle Abyssal Knight on Dec 31, 2022.
             Was an Elder of Lugonu.
             Slain by a yak (10 damage)
             ... on level 4 of the Dungeon.
             The game lasted 00:17:59 (4109 turns).

mortz the Trooper (Gargoyle Abyssal Knight)         Turns: 4109, Time: 00:17:59

Health: -1/44      AC: 17    Str: 19    XL:     7   Next: 27%
Magic:  9/9        EV: 10    Int: 10    God:    Lugonu [****..]
Gold:   156        SH:  3    Dex: 10    Spells: 6/6 levels left

rFire   . . .      SeeInvis .   f - +2 dagger (venom)
rCold   . . .      Faith    .   B - +0 buckler
rNeg    + . .      Spirit   .   r - +4 ring mail
rPois   ∞          Reflect  .   (no helmet)
rElec   +          Harm     .   C - +0 cloak
rCorr   .          Rampage  .   (no gloves)
Will    +....                   i - +1 pair of boots
Stlth   ..........              (no amulet)
HPRegen 0.14/turn               A - ring of willpower
MPRegen 0.11/turn               t - ring of flight

@: flying
A: sickness immunity, AC +4, negative energy resistance 1, electricity
resistance, torment resistance 1, petrification resistance
a: Renounce Religion, Depart the Abyss, Bend Space, Banish, Corrupt


You were on level 4 of the Dungeon.
You worshipped Lugonu.
Lugonu was greatly pleased with you.
You visited 1 branch of the dungeon, and saw 4 of its levels.
You visited the Abyss 1 time.

You collected 156 gold pieces.

Inventory:

Hand Weapons
 a - a +0 morningstar
 f - a +2 dagger of venom (weapon)
 j - a +0 rapier
 v - a +1 hand axe
 w - a +0 halberd
 y - a +0 flail
 D - a +0 war axe
 E - a +1 short sword of draining
Missiles
 c - 43 stones
 e - 7 poisoned darts (quivered)
Armour
 d - a +0 chain mail
 i - a +1 pair of boots (worn)
 r - a +4 ring mail (worn)
 B - a +0 buckler (worn)
 C - a +0 cloak (worn)
Jewellery
 s - a ring of wizardry
 t - a ring of flight (right hand)
 A - a ring of willpower (left hand)
Scrolls
 h - a scroll of enchant armour
 l - a scroll of fear {unknown}
 m - a scroll of magic mapping {unknown}
 n - a scroll of identify {unknown}
 o - a scroll of blinking {unknown}
 u - a scroll of brand weapon {unknown}
Potions
 b - 3 potions of degeneration {unknown}
 g - a potion of heal wounds {unknown}
 k - a potion of flight {unknown}
 p - a potion of brilliance {unknown}
 q - 2 potions of curing
 x - a potion of mutation {unknown}
 z - a potion of lignification {unknown}


   Skills:
 * Level 5.4 Fighting
 + Level 3.7(3.9) Axes
 + Level 1.1(2.9) Maces & Flails
 + Level 3.7 Armour
 + Level 2.2 Dodging
 + Level 3.5 Invocations


You had 6 spell levels left.
You didn't know any spells.
Your spell library contained the following spells:

 Spells                   Type           Power      Damage    Failure   Level
 Magic Dart               Conj           0%         1d3       65%         1
 Shock                    Conj/Air       0%         1d3       65%         1
 Call Imp                 Summ           0%         N/A       78%         2
 Poisonous Vapours        Pois/Air       0%         N/A       78%         2
 Dazzling Flash           Conj/Hex       0%         N/A       95%         3
 Mephitic Cloud           Conj/Pois/Air  0%         N/A       95%         3
 Ozocubu's Armour         Ice            0%         N/A       95%         3
 Swiftness                Air            0%         N/A       95%         3
 Airstrike                Air            0%         2d(0-16)  100%        4
 Corpse Rot               Necr/Pois/Air  0%         N/A       100%        4
 Iskenderun's Mystic Bla  Conj/Tloc      0%         2d3       100%        4
 Starburst                Conj/Fire      0%         6d3       100%        6
 Ozocubu's Refrigeration  Ice            0%         4d7       100%        7


Dungeon Overview and Level Annotations

Branches:
Dungeon (4/15) Zot: 19847
 Temple: D:4-7

Altars:
Yredelemnul

Annotations:
D:2 1 runed translucent door, Crazy Yiuf
D:3 2 transporters, Tiocfaidh's ghost, amateur OpHu


Innate Abilities, Weirdness & Mutations

You are immune to sickness and miasma.
Your stone body is resilient. (AC +4)
You are immune to poison.
You resist negative energy. (rN+)
You are resistant to electric shocks. (rElec)
You are resistant to unholy torment.
You are immune to petrification.


Message History

The yak attacks as you move away! The yak barely misses you.
You closely miss the yak.
The yak is almost dead.
The yak gores you.
An ufetubus comes into view.
The ufetubus moves out of view.
An iguana comes into view.
The iguana hisses angrily.
The ufetubus barely misses you. The ufetubus misses you.
You kill the yak!
Lugonu accepts your kill. The iguana misses you.
Your base Maces & Flails skill increases to level 1!
You have reached level 7!
You barely miss the iguana. The ufetubus barely misses you.
The ufetubus hits you. The iguana barely misses you.
You hit the iguana but do no damage.
The iguana is poisoned.
The ufetubus barely misses you. The iguana bites you.
* * * LOW HITPOINT WARNING * * *
You hit the iguana but do no damage.
The iguana looks as sick as possible!
You hit the iguana but do no damage.
The iguana is lightly wounded.
The iguana bites you.
* * * LOW HITPOINT WARNING * * *
You feel better. The yak closely misses you.
You barely miss the iguana.
The iguana is heavily wounded.
The iguana misses you.
You hit the iguana.
The iguana looks as sick as possible!
The iguana is almost dead.
You kill the iguana!
Lugonu accepts your kill.
You see here an iguana corpse.
The yak attacks as you move away! The yak attacks as you move away!
The yak gores you!
* * * LOW HITPOINT WARNING * * *
The yak attacks as you move away! The yak attacks as you move away!
The yak barely misses you. The yak attacks as you move away! The yak gores you!
You die...

#.# #... #.# ###. #.# ####.
#.######.... ####### #.#.........
......################.#.##.#..##
.####.#..5Y....##<.......##.#..##
.##.#.#.####.#S##.###.......#....
.#....†...>..#.Y@.###....####....
......#.##.#####.........####....
......#.##...#.....#.#...........
......#......#.##..#.#####'##....
.#..#.######...##.....#....######
.#.##.# ###........#.88.###...
.#.##.# #.###.#.##.88.#..###
......# #.# #....#....÷..#
##.##.# ..# ###..#########


You could see a yak and an adder.

Vanquished Creatures
  A yak (D:4)
  A scorpion (D:4)
  A howler monkey (D:4)
  An orc priest (D:3)
  A hound (D:4)
  2 iguanas (D:4)
  4 gnolls (D:3)
  4 adders
  2 ufetubi
  4 worms
  A dart slug (D:4)
  5 orcs (D:3)
  10 ball pythons
  4 bats
  6 endoplasms
  2 giant cockroaches (D:1)
  3 goblins
  4 hobgoblins
  7 jackals (D:1)
  2 quokkas
  7 frilled lizards
  14 kobolds
  7 rats
93 creatures vanquished.

Vanquished Creatures (others)
  8 plants (D:2)
8 creatures vanquished.

Grand Total: 101 creatures vanquished

Notes
Turn   | Place    | Note
-------+----------+-------------------------------------------
     0 | Abyss:1  | mortz the Gargoyle Abyssal Knight began the quest for the
                  | Orb.
     0 | Abyss:1  | Reached XP level 1. HP: 14/14 MP: 2/2
     1 | D:1      | Escaped the Abyss
    99 | D:1      | Found a faded altar of an unknown god.
   172 | D:1      | Reached XP level 2. HP: 18/19 MP: 3/3
   448 | D:1      | Reached skill level 1 in Dodging
   571 | D:1      | Reached XP level 3. HP: 24/24 MP: 4/4
  1002 | D:2      | Reached *** piety under Lugonu
  1165 | D:2      | Found a runed translucent door.
  1166 | D:2      | Noticed Crazy Yiuf
  1436 | D:2      | Reached XP level 4. HP: 29/29 MP: 5/5
  1461 | D:2      | Reached skill level 4 in Fighting
  2448 | D:3      | Found a transporter.
  2449 | D:3      | Found a transporter.
  2452 | D:3      | Noticed Tiocfaidh's ghost (amateur OpHu)
  2452 | D:3      | Noticed an ogre
  2534 | D:3      | Reached XP level 5. HP: 33/33 MP: 5/7
  2700 | D:3      | Reached **** piety under Lugonu
  3578 | D:4      | Found a basalt altar of Yredelemnul.
  3600 | D:4      | Reached XP level 6. HP: 28/40 MP: 8/8
  3907 | D:4      | Reached skill level 5 in Fighting
  4065 | D:4      | Noticed a yak
  4065 | D:4      | Noticed a yak
  4065 | D:4      | Noticed a yak
  4093 | D:4      | Killed a yak
  4094 | D:4      | Reached skill level 1 in Maces & Flails
  4094 | D:4      | Reached XP level 7. HP: 18/44 MP: 9/9
  4109 | D:4      | Slain by a yak

Illustrated notes

Levels and vault maps discovered:
D:1:      dpeg_arrival_leaves_temple_mockup, layout_loops_ring,
          basic_ecumenical_altar, hangedman_decor_growths
D:2:      kb_forest_paths, layout_basic, lexackson_kobold_supper,
          uniq_crazy_yiuf_cottage
D:3:      layout_loops_ring, gammafunk_ghost_smash, minmay_misc_feat_roman,
          patterned_corridor
D:4:      minmay_chambers_of_fours, layout_loops_cross, general_overflow_altar

Skill      XL: |  1  2  3  4  5  6 |
---------------+-------------------+-----
Axes           | 2 3 |  3.7
Dodging        | 1 2 |  2.2
Fighting       | 4 5 |  5.4
Armour         | 3 |  3.7
Invocations    | 3 |  3.5
Maces & Flails | 1 |  1.1

Action                   |  1- 3 |  4- 6 |  7- 9 || total
-------------------------+-------+-------+-------++-------
Melee: Hand axe          |    13 |       |       ||    13
       Dagger            |    77 |    59 |     6 ||   142
       Punch             |     1 |     1 |       ||     2
       War axe           |       |    69 |       ||    69
       Morningstar       |       |    45 |       ||    45
Throw: Dart              |     3 |     9 |       ||    12
  Use: Scroll            |       |     1 |       ||     1
       Potion            |       |     1 |     1 ||     2
Armor: Chain mail        |    34 |    18 |       ||    52
       Ring mail         |       |    97 |     9 ||   106
Dodge: Dodged            |    37 |    90 |     6 ||   133
Block: Buckler           |       |     5 |     3 ||     8
